 Dungeon Crawl Stone Soup version 0.18-a0-1164-g7046a04 (webtiles) character file.

872 poirepourri the Ducker (level 7, -3/66 HPs)
             Began as a Deep Dwarf Berserker on Jan 25, 2016.
             Was a Follower of Trog.
             Slain by an orc warrior
             ... wielding a +0 halberd
              (18 damage)
             ... on level 6 of the Dungeon.
             The game lasted 00:08:49 (5000 turns).

poirepourri the Ducker (Deep Dwarf Berserker)       Turns: 5000, Time: 00:08:49

Health: -3/66      AC: 10    Str: 23    XL:     7   Next: 74%
Magic:  6/6        EV:  8    Int:  7    God:    Trog [*.....]
Gold:   168        SH:  9    Dex: 12    Spells: 0 memorised, 6 levels left

rFire  . . .     SeeInvis .     a - +0 hand axe
rCold  . . .     Gourm    .     f - +0 chain mail (curse)
rNeg   + . .     Faith    .     m - +0 shield
rPois  .         Spirit   .     (no helmet)
rElec  .         Dismiss  .     (no cloak)
rCorr  .         Reflect  .     (no gloves)
SustAt .         Harm     .     p - +0 pair of boots
MR     +....                    (no amulet)
Stlth  ..........               (no ring)
                                o - ring of positive energy

@: non-regenerating, somewhat resistant to hostile enchantments, extremely
unstealthy
A: damage resistance, recharge devices, sense surroundings 1, slow regeneration
3
a: Device Recharging, Berserk, Burn Spellbooks, Renounce Religion


You were on level 6 of the Dungeon.
You worshipped Trog.
Trog was aware of your devotion.
You were not hungry.

You visited 1 branch of the dungeon, and saw 6 of its levels.

You collected 168 gold pieces.

Inventory:

Hand Weapons
 a - a +0 hand axe (weapon)
Armour
 b - a +0 animal skin
 f - a cursed +0 chain mail (worn)
 i - a +1 large shield
 m - a +0 shield (worn)
 p - a +0 pair of boots (worn)
Jewellery
 l - a cursed -3 ring of evasion
 o - a ring of positive energy (left hand)
Wands
 c - a wand of heal wounds (0/9)
 n - a wand of fireball (6/15)
 q - a wand of polymorph (5/24)
Scrolls
 e - a scroll of remove curse
 g - a scroll of identify
 k - 2 scrolls of teleportation
Potions
 j - a potion of brilliance
 r - 2 potions of haste
Comestibles
 d - 3 bread rations
 h - 2 meat rations


   Skills:
 + Level 4.5 Fighting
 + Level 5.2 Axes
 + Level 3.5 Armour
 + Level 5.8 Dodging
 + Level 3.6 Stealth
 + Level 2.1 Shields
 + Level 0.6 Evocations


You had 6 spell levels left.
You didn't know any spells.

Dungeon Overview and Level Annotations

Branches:
Dungeon (6/15)
 Temple: D:4-7

Altars:
Okawaru
Ru
Trog
Zin


Innate Abilities, Weirdness & Mutations

You are resistant to damage.
You can recharge devices by infusing magical energy.
You passively map a small area around you.
You do not regenerate naturally.


Message History

The orc warrior hits you with a halberd!
You closely miss the orc warrior.
The orc warrior hits you with a halberd!
You closely miss the orc warrior. The orc warrior completely misses you.
You hit the orc warrior but do no damage.
The orc warrior hits you with a halberd!
You completely miss the orc warrior.
You hit the orc warrior but do no damage.
The orc warrior hits you with a halberd!
* * * LOW HITPOINT WARNING * * *
You hit the orc warrior but do no damage.
The orc warrior hits you with a halberd.
* * * LOW HITPOINT WARNING * * *
You slash the orc warrior!
The orc warrior is moderately wounded.
The orc warrior hits you but does no damage.
You hit the orc warrior.
The orc warrior is moderately wounded.
The orc warrior hits you with a halberd!!
You die...

, ,#......#
* * * * ,
#......# , *
,#......+, ,
, , #......#
, * ,
,+......# >
,
,,,#......#
, , , ,
#......# +
*#...<..# ,
, , #..@...#
*
#.o........
,
##+####.....
,, , , ,, ,
..... , , *
.... , , , ,
,,... * *
... , , , ,


You could see an orc warrior.

Vanquished Creatures
  The ghost of Finwe the Cudgeler, an amateur GrGl (D:3)
  A hippogriff (D:5)
  A phantom (D:5)
  A centaur (D:5)
  A scorpion (D:4)
  A crimson imp (D:5)
  2 orc priests
  2 orc wizards
  A hound (D:4)
  A worker ant (D:4)
  A worker ant zombie (D:5)
  3 gnolls (D:5)
  4 adders
  A shadow imp (D:5)
  An ooze (D:2)
  2 worms (D:3)
  3 orcs
  A ball python (D:3)
  4 giant cockroaches
  4 goblins
  8 hobgoblins
  5 jackals
  5 kobolds
  A quokka (D:3)
  4 bats
  4 giant newts
  A quokka skeleton (D:5)
  3 rats
67 creatures vanquished.

Notes
Turn   | Place    | Note
--------------------------------------------------------------
     0 | D:1      | poirepourri the Deep Dwarf Berserker began the quest for the Orb.
     0 | D:1      | Reached XP level 1. HP: 20/20 MP: 1/1
   773 | D:1      | Reached XP level 2. HP: 24/27 MP: 2/2
  1040 | D:2      | Found a glowing silver altar of Zin.
  1150 | D:2      | Reached XP level 3. HP: 18/33 MP: 3/3
  1398 | D:2      | Found a sacrificial altar of Ru.
  1407 | D:2      | Reached ** piety under Trog
  1407 | D:2      | Reached skill level 4 in Axes
  1407 | D:2      | Reached skill level 1 in Shields
  1499 | D:3      | Reached XP level 4. HP: 22/42 MP: 4/4
  1768 | D:3      | Noticed Finwe's ghost (amateur GrGl)
  1784 | D:3      | Killed Finwe's ghost
  1784 | D:3      | Reached XP level 5. HP: 22/49 MP: 5/5
  1911 | D:3      | Reached XP level 6. HP: 42/56 MP: 6/6
  2040 | D:3      | Found an iron altar of Okawaru.
  2041 | D:3      | Found a bloodstained altar of Trog.
  3290 | D:4      | Reached skill level 5 in Dodging
  3964 | D:5      | Entered Level 5 of the Dungeon
  4031 | D:5      | Reached XP level 7. HP: 30/64 MP: 7/7
  4253 | D:5      | Reached skill level 5 in Axes
  4360 | D:5      | Noticed a hippogriff
  4387 | D:5      | Killed a hippogriff
  4983 | D:6      | HP: 2/66 [orc warrior/halberd (9)]
  5000 | D:6      | Slain by an orc warrior

Vault maps used:
D:1:      sevenhm_arrival_forest_fort_small_4, monster_avoids_cloud
D:2:      zin_statuary, nicolae_ru_great_annihilating_truth
D:3:      minitemple
D:5:      first_bread
D:6:      temple_fountains, basic_altar

Action                   |  1- 3 |  4- 6 |  7- 9 || total
-------------------------+-------+-------+-------++-------
Melee: Hand axe          |    83 |   191 |   126 ||   400
Invok: Trog's Hand       |     1 |     6 |     1 ||     8
       Berserk           |       |     3 |     1 ||     4
 Abil: Device Recharging |       |       |     1 ||     1
Evoke: Wand              |       |     2 |     6 ||     8
  Use: Scroll            |     4 |    11 |     1 ||    16
       Potion            |       |     6 |       ||     6
 Stab: Paralysed         |     2 |       |       ||     2
       Invisible         |     1 |       |       ||     1
       Sleeping          |       |     4 |       ||     4
  Eat: Meat ration       |     1 |       |     1 ||     2
       Fruit             |       |     4 |       ||     4
       Bread ration      |       |     1 |     1 ||     2
